 Dungeon Crawl Stone Soup version 0.29.1-13-g9f3cf754e1 (webtiles) character file.

Game seed: 16259919338066409580

39 cdecastro the Grave Robber (level 3, -1/24 HPs)
             Began as a Human Necromancer on Feb 6, 2023.
             Slain by a worm (11 damage)
             ... on level 2 of the Dungeon.
             The game lasted 00:01:51 (1555 turns).

cdecastro the Grave Robber (Human Necromancer)      Turns: 1555, Time: 00:01:52

Health: -1/24      AC:  2    Str: 10    XL:     3   Next: 70%
Magic:  4/6        EV: 12    Int: 15    God:
Gold:   89         SH:  0    Dex: 13    Spells: 5/6 levels left

rFire   . . .      SeeInvis .   g - +1 spear (venom)
rCold   . . .      Faith    .   (no shield)
rNeg    . . .      Spirit   .   a - +0 robe
rPois   .          Reflect  .   (no helmet)
rElec   .          Harm     .   (no cloak)
rCorr   .          Rampage  .   (no gloves)
Will    .....                   (no boots)
Stlth   ++........              (no amulet)
HPRegen 0.08/turn               (no ring)
MPRegen 0.10/turn               (no ring)

@: no status effects
A: no striking features
a: no special abilities


You were on level 2 of the Dungeon.
You visited 1 branch of the dungeon, and saw 2 of its levels.

You collected 89 gold pieces.

Inventory:

Hand Weapons
 d - a +2 vorpal spear
 g - a +1 spear of venom (weapon)
Armour
 a - a +0 robe (worn)
Scrolls
 c - a scroll of poison {unknown}
 e - 4 scrolls of identify {unknown}
 f - a scroll of immolation {unknown}
 j - 2 scrolls of teleportation {unknown}
Potions
 b - a potion of magic
 h - a potion of haste {unknown}
 i - a potion of flight {unknown}
 k - a potion of lignification {unknown}
 l - a potion of might {unknown}


   Skills:
 - Level 2.0 Dodging
 - Level 2.0 Stealth
 - Level 2.0 Spellcasting
 + Level 5.2 Necromancy


You had 5 spell levels left.
You knew the following spells:

 Your Spells              Type           Power      Damage    Failure   Level
a - Necrotise             Necr           68%        1d7       2%          1

Your spell library contained the following spells:

 Spells                   Type           Power      Damage    Failure   Level
 Vampiric Draining        Necr           17%        2d7       8%          3
 Animate Dead             Necr           17%        N/A       26%         4
 Agony                    Necr           17%        N/A       58%         5


Dungeon Overview and Level Annotations

Branches:
Dungeon (2/15)

Altars:
Cheibriados


Message History

The jackal is heavily wounded.
The jackal closely misses you. The jackal misses you.
You hit the jackal.
You kill the jackal!
You hit the jackal.
The jackal is severely wounded.
The jackal barely misses you. The jackal completely misses you.
You hit the jackal.
The jackal is almost dead.
The jackal bites you but does no damage.
You closely miss the jackal.
The jackal is almost dead.
The jackal closely misses you. The jackal barely misses you.
You closely miss the jackal.
The jackal is almost dead.
The jackal bites you.
* * * LOW HITPOINT WARNING * * *
You miss the jackal.
The jackal is almost dead.
The jackal bites you.
* * * LOW HITPOINT WARNING * * *
The jackal misses you.
You closely miss the jackal.
The jackal is almost dead.
The jackal bites you.
* * * LOW HITPOINT WARNING * * *
The jackal barely misses you.
You hit the jackal.
You kill the jackal!
Aiming: Necrotise (safe; 2% risk of failure)
Press: ? - help, Q - select action Shift-Dir - straight line, f - worm
Aim: a worm (chance to affect: 81%)
The worm writhes in agony.
Unknown command.
Aiming: Necrotise (safe; 2% risk of failure)
Press: ? - help, Q - select action Shift-Dir - straight line, f/p - worm
Aim: a worm (lightly wounded, chance to affect: 81%)
The worm writhes in agony.
The worm bites you!
You die...

###..#)#..#######.##..#
##.#.#.###......###..
#.....#.######..#...
##...##.........#...
...#.).##.............
#..#...##..>...†.##...
.h##.##.........##..#
.w #.###......)†##..#
#. #@# #........##..#
#.####.
#w##########.##.)#
#.....h##.#..###
#.##... #...#)##...###
#.###.. #.#.†.####...#
#.# ### #..#.##
###.###.# #......
#.....# #.......
#####.# #....)... ###


You could see a worm.

Vanquished Creatures
  An adder (D:2)
  A dart slug (D:2)
  A ball python (D:1)
  3 bats
  A giant cockroach (D:2)
  4 goblins
  2 hobgoblins
  3 jackals (D:2)
  3 kobolds (D:2)
  A quokka (D:2)
  A frilled lizard (D:2)
  5 rats
26 creatures vanquished.

Vanquished Creatures (others)
  A fungus (D:2)
  5 plants (D:2)
6 creatures vanquished.

Grand Total: 32 creatures vanquished

Notes
Turn   | Place    | Note
-------+----------+-------------------------------------------
     0 | D:1      | cdecastro the Human Necromancer began the quest for the
                  | Orb.
     0 | D:1      | Reached XP level 1. HP: 13/13 MP: 3/3
   404 | D:1      | Reached XP level 2. HP: 17/19 MP: 5/5
  1009 | D:2      | Found a snail-covered altar of Cheibriados.
  1248 | D:2      | Reached XP level 3. HP: 18/24 MP: 6/6
  1335 | D:2      | Found a faded altar of an unknown god.
  1365 | D:2      | Reached skill level 5 in Necromancy
  1555 | D:2      | Slain by a worm

Illustrated notes

Levels and vault maps discovered:
D:1:      elethiomel_arrival_infinity_welcomes_careful_drivers,
          layout_loops_ring
D:2:      minmay_general_purpose_star, layout_rooms,
          shapermc_ecumenical_altar_hornbeckon, basic_altar

Skill      XL: |  1  2  3 |
---------------+----------+-----
Necromancy     | 5 |  5.2
Dodging        | |  2.0
Stealth        | |  2.0
Spellcasting   | |  2.0

Action                   || total
-------------------------++-------
Melee: Spear             ||    61
 Cast: Necrotise         ||     9
 Stab: Sleeping          ||     4
Armor: Robe              ||     8
Dodge: Dodged            ||    41
